 Dungeon Crawl Stone Soup version 0.30-a0-170-g85af917532 (webtiles) character file.

Game seed: 12382644270308837621

1535 blackman the Carver (level 8, -1/60 HPs)
             Began as a Demigod Gladiator on Sept 30, 2022.
             Slain by a water moccasin (3 damage)
             ... on level 5 of the Dungeon.
             The game lasted 00:12:41 (7315 turns).

blackman the Carver (Demigod Gladiator)             Turns: 7315, Time: 00:12:42

Health: -1/60      AC: 10    Str: 15    XL:     8   Next: 30%
Magic:  10/10      EV: 14    Int: 10    God:
Gold:   192        SH:  0    Dex: 21    Spells: 7/7 levels left

rFire   . . .      SeeInvis .    a - +0 long sword
rCold   . . .      Faith    .    (no shield)
rNeg    . . .      Spirit   .    b - +0 leather armour
rPois   .          Reflect  .    c - +0 helmet
rElec   .          Harm     .    (no cloak)
rCorr   .          Rampage  .    (no gloves)
Will    .....                    (no boots)
Stlth   ++........               v - amulet of the acrobat
HPRegen 0.20/turn                l - +4 ring of protection
MPRegen 0.12/turn                (no ring)

@: lethally poisoned (-1 -> -15)
A: high MP 1, forlorn, divine attributes, iridescent scales 1, clumsy 1,
evolution 1, inability to drink after injury 1
a: no special abilities


You were on level 5 of the Dungeon.
You visited 1 branch of the dungeon, and saw 5 of its levels.
You also visited: Ossuary.

You collected 192 gold pieces.

Inventory:

Hand Weapons
 a - a +0 long sword (weapon)
Missiles
 d - a throwing net (quivered)
 f - 3 poisoned darts
 y - a javelin
Armour
 b - a +0 leather armour (worn)
 c - a +0 helmet (worn)
Jewellery
 l - a +4 ring of protection (left hand)
 o - a ring of fire
 v - an amulet of the acrobat (around neck)
Scrolls
 g - a scroll of amnesia {unknown}
 h - a scroll of poison {unknown}
 i - 2 scrolls of brand weapon {unknown}
 j - a scroll of fear {unknown}
 m - 5 scrolls of identify {unknown}
 p - a scroll of torment
 r - a scroll of enchant armour {unknown}
 t - a scroll of summoning {unknown}
 u - a scroll of butterflies
Potions
 e - a potion of invisibility {unknown}
 k - a potion of lignification {unknown}
 n - a potion of mutation
 q - 2 potions of attraction {unknown}
 s - 3 potions of haste {unknown}
 w - 2 potions of ambrosia {unknown}
 x - 3 potions of curing {unknown}
 z - a potion of resistance {unknown}


   Skills:
 - Level 1.7 Fighting
 - Level 9.5 Long Blades
 - Level 1.7 Throwing
 * Level 4.7 Dodging


You had 7 spell levels left.
You didn't know any spells.
Your spell library contained the following spells:

 Spells                   Type           Power      Damage    Failure   Level
 Beastly Appendage        Tmut           0%         N/A       43%         1
 Ensorcelled Hibernation  Hex/Ice        0%         N/A       56%         2
 Passwall                 Tmut/Erth      0%         N/A       56%         2
 Wereblood                Tmut           0%         N/A       56%         2
 Spider Form              Tmut/Pois      0%         N/A       80%         3
 Swiftness                Air            0%         N/A       80%         3


Dungeon Overview and Level Annotations

Branches:
Dungeon (5/15)            Ossuary (visited)
 Temple: D:4-7

Shops:
D:3 :


Innate Abilities, Weirdness & Mutations

You have an increased reservoir of magic. (+10% MP)
You shall have no god before yourself.
Your divine heritage dramatically boosts your attributes as you level up.
You are partially covered in iridescent scales. (AC +2)
You are clumsy. (Dex -2)
You have hidden genetic potential.
You occasionally lose the ability to drink potions when taking damage.


Message History

The water moccasin bites you.
You miss the water moccasin.
The water moccasin is almost dead.
You feel very sick. The water moccasin misses you.
You barely miss the water moccasin.
The water moccasin is almost dead.
You feel very sick. The water moccasin closely misses you.
The water moccasin barely misses you.
You are too injured to fight recklessly!
You are too injured to fight recklessly!
You are too injured to fight recklessly!
You are too injured to fight recklessly!
A water moccasin is nearby!
You closely miss the water moccasin.
The water moccasin is almost dead.
You feel very sick. The water moccasin bites you!
* * * LOW HITPOINT WARNING * * *
You are lethally poisoned!
The water moccasin poisons you!
You barely miss the water moccasin.
The water moccasin is almost dead.
* * * LOW HITPOINT WARNING * * *
You feel very sick. The water moccasin closely misses you.
You miss the water moccasin.
The water moccasin is almost dead.
* * * LOW HITPOINT WARNING * * *
You feel very sick. The water moccasin misses you.
It was a potion of mutation.
You feel extremely strange.
You feel clumsy.
You occasionally lose the ability to drink potions when taking damage.
Iridescent scales grow over part of your body.
You feel a hidden potential growing inside you.
* * * LOW HITPOINT WARNING * * *
You feel very sick. The water moccasin bites you.
You die...

#.#.# #.#.# #.#.#
# #.#.# #.##
#.#.# #.... #.#.#
.....########.#.#
#..#............#
#....S@......)###
######.########
#.# #.# #.# #.#
#.# ###


You could see a water moccasin.

Vanquished Creatures
  Sigmund (D:5)
  A black bear (D:5)
  An ice beast (D:4)
  A centaur (D:5)
  A necrophage (D:5)
  3 water moccasin zombies (Ossuary)
  A wight (Ossuary)
  2 howler monkeys (D:5)
  A bullfrog zombie (Ossuary)
  4 centaur zombies (Ossuary)
  A human zombie (Ossuary)
  3 hounds
  2 jellies (D:4)
  An orc priest (D:4)
  5 iguanas
  2 orc wizards (D:5)
  4 gnolls (D:4)
  3 adders
  A shadow imp (D:5)
  8 adder zombies (Ossuary)
  3 worms
  4 dart slugs
  11 orcs
  5 endoplasms
  2 giant cockroaches
  5 goblins
  7 jackals
  7 kobolds
  3 quokkas
  7 ball pythons
  9 bats
  3 frilled lizards
  4 gnoll zombies (Ossuary)
  A goblin zombie (Ossuary)
  7 hobgoblin zombies (Ossuary)
  4 orc zombies (Ossuary)
  7 rats
135 creatures vanquished.

Vanquished Creatures (others)
  A ball python (D:2)
1 creature vanquished.

Grand Total: 136 creatures vanquished

Notes
Turn   | Place    | Note
-------+----------+-------------------------------------------
     0 | D:1      | blackman the Demigod Gladiator began the quest for the Orb.
     0 | D:1      | Reached XP level 1. HP: 17/17 MP: 3/3
    46 | D:1      | Reached skill level 3 in Long Blades
   249 | D:1      | Reached XP level 2. HP: 24/24 MP: 4/4
  1284 | D:2      | Reached XP level 3. HP: 29/29 MP: 5/5
  1327 | D:2      | Reached skill level 4 in Long Blades
  2273 | D:3      | Reached XP level 4. HP: 35/36 MP: 6/6
  2867 | D:3      | Found Huext's Book Boutique.
  2937 | D:4      | Reached skill level 5 in Long Blades
  3277 | D:4      | Reached XP level 5. HP: 26/41 MP: 7/7
  3384 | D:4      | Reached skill level 6 in Long Blades
  3411 | D:4      | Found a sand-covered staircase.
  3420 | Ossuary  | Entered an ossuary
  4757 | Ossuary  | Reached XP level 6. HP: 41/48 MP: 8/8
  4932 | Ossuary  | Reached skill level 7 in Long Blades
  5182 | Ossuary  | Reached XP level 7. HP: 46/53 MP: 9/9
  5242 | Ossuary  | Noticed a silent spectre
  5414 | D:4      | Reached skill level 8 in Long Blades
  5555 | D:4      | HP: 1/53 [gnoll/+0 club (5)]
  6232 | D:5      | Entered Level 5 of the Dungeon
  6253 | D:5      | Noticed Sigmund
  6264 | D:5      | Killed Sigmund
  6265 | D:5      | Reached skill level 9 in Long Blades
  6424 | D:5      | Reached XP level 8. HP: 60/60 MP: 10/10
  7315 | D:5      | Gained mutation: You are clumsy. (Dex -2) [potion of
                  | mutation]
  7315 | D:5      | Gained mutation: You occasionally lose the ability to drink
                  | potions when taking damage. [potion of mutation]
  7315 | D:5      | Gained mutation: You are partially covered in iridescent
                  | scales. (AC +2) [potion of mutation]
  7315 | D:5      | Gained mutation: You have hidden genetic potential. [potion
                  | of mutation]
  7315 | D:5      | HP: 2/60 [poisoned by a water moccasin]
  7315 | D:5      | Slain by a water moccasin

Illustrated notes

Levels and vault maps discovered:
D:1:      dpeg_arrival_pond, layout_basic
D:2:      layout_rooms, serial_rivers, chequers_serial_rivers_micro_a,
          chequers_serial_rivers_small_b, chequers_serial_rivers_room_b,
          chequers_serial_rivers_micro_b, nicolae_figureground_pulse
D:3:      layout_basic, gammafunk_temple_overflow_wave, serial_shops,
          nicolae_lakefront_shop, kennysheep_generic_room_9
D:4:      layout_cave_pools, nicolae_ossuary_entry_monument, roderic_lattice_a,
          kennysheep_potato
D:5:      layout_loops_ring, mainiacjoe_overflow_tiny_flanked,
          hangedman_decor_peaks_small, uniq_sigmund, uniq_crazy_yiuf_cottage

Skill      XL: |  1  2  3  4  5  6  7  8 |
---------------+-------------------------+-----
Long Blades    | 3 4 5 6 7 9 |  9.5
Dodging        | 4 |  4.7
Fighting       | |  1.7
Throwing       | |  1.7

Action                   |  1- 3 |  4- 6 |  7- 9 || total
-------------------------+-------+-------+-------++-------
Melee: Long sword        |   152 |   230 |   159 ||   541
       Punch             |     1 |     7 |     3 ||    11
Throw: Throwing net      |       |     2 |     3 ||     5
       Javelin           |       |     1 |     1 ||     2
  Use: Scroll            |       |     6 |       ||     6
       Potion            |       |     1 |     4 ||     5
 Stab: Sleeping          |     1 |       |     1 ||     2
       Held in net/web   |       |       |     2 ||     2
       Distracted        |       |       |     1 ||     1
Armor: Leather armour    |    63 |   155 |    47 ||   265
Dodge: Dodged            |   142 |   268 |   138 ||   548

Table legend: (Time is in decaauts)
 A = Elapsed time spent in this place.
 B = Non-inter-level travel time spent in this place.
 C = Inter-level travel time spent in this place.
 D = Time resting spent in this place.
 E = Time spent auto-exploring this place.
 F = Levels seen in this place.
 G = Mean time per level.
                   A        B        C        D        E       F      G
               +--------+--------+--------+--------+--------+-----+--------+
         Total |   7369 |   7262 |    107 |   2424 |   3612 |   6 | 1228.2 |
       Dungeon |   5412 |   5305 |    107 |   1216 |   3143 |   5 | 1082.4 |
       Ossuary |   1956 |   1956 |      0 |   1208 |    469 |   1 | 1956.0 |
               +--------+--------+--------+--------+--------+-----+--------+

Top non-repeatable levels by time:
 Ossuary: 1956 daAuts
     D:4: 1649 daAuts
     D:1: 1242 daAuts
     D:3: 1165 daAuts
     D:5: 798 daAuts
     D:2: 556 daAuts
